 Dungeon Crawl Stone Soup version 0.30-a0-140-gd1020e658a (webtiles) character file.

Game seed: 15022174606119331634

348 valliere the Insei (level 6, -1/41 HPs)
             Began as an Octopode Transmuter on Sept 24, 2022.
             Was an Initiate of Gozag.
             Slain by an ogre
             ... wielding a +0 giant club
             ... created by the fury of Okawaru
              (28 damage)
             ... on level 5 of the Dungeon.
             The game lasted 00:11:19 (5471 turns).

valliere the Insei (Octopode Transmuter)            Turns: 5471, Time: 00:11:19

Health: -1/41      AC:  1    Str: 12    XL:     6   Next: 60%
Magic:  8/9        EV: 13    Int: 15    God:    Gozag
Gold:   266        SH:  5    Dex: 12    Spells: 6/9 levels left

rFire   . . .      SeeInvis .      - Unarmed
rCold   . . .      Faith    .    (no shield)
rNeg    . . .      Spirit   .    (helmet currently unavailable)
rPois   .          Reflect  +    e - amulet of reflection
rElec   .          Harm     .    (no ring)
rCorr   .          Rampage  .    (no ring)
Will    .....                    (no ring)
Stlth   +++.......               (no ring)
HPRegen 0.13/turn                (no ring)
MPRegen 0.11/turn                (no ring)
                                 (no ring)
                                 (no ring)

@: appendages
A: tentacle spike 3, almost no armour, amphibious, 8 rings, camouflage 1,
gelatinous body 1, (nimble swimmer 1), tentacles
a: End Transformation, Renounce Religion, Potion Petition, Call Merchant, Bribe
Branch


You were on level 5 of the Dungeon.
You worshipped Gozag.
Gozag was aware of your devotion.
One of your tentacles had grown a beastly spike.
You visited 2 branches of the dungeon, and saw 6 of its levels.

You collected 314 gold pieces.
You paid 48 gold pieces to Gozag.

Inventory:

Missiles
 m - 5 boomerangs
Jewellery
 e - an amulet of reflection (around mantle)
 l - a ring of protection from fire
Scrolls
 c - 3 scrolls of teleportation
 d - a scroll of silence
 f - a scroll of enchant armour {unknown}
 g - a scroll of vulnerability {unknown}
 i - a scroll of fog
 j - a scroll of immolation
 k - 2 scrolls of enchant weapon
 p - a scroll of brand weapon {unknown}
Potions
 a - a potion of flight {unknown}
 h - a potion of haste
 n - a potion of curing {unknown}


   Skills:
 + Level 2.6 Fighting
 + Level 3.3 Dodging
 + Level 3.3 Stealth
 * Level 4.8 Unarmed Combat
 - Level 2.0 Spellcasting
 + Level 3.1 Transmutations


You had 6 spell levels left.
You knew the following spells:

 Your Spells              Type           Power      Damage    Failure   Level
a - Beastly Appendage     Tmut           22%        N/A       6%          1
b - Wereblood             Tmut           11%        N/A       9%          2

Your spell library contained the following spells:

 Spells                   Type           Power      Damage    Failure   Level
 Spider Form              Tmut/Pois      6%         N/A       34%         3
 Ice Form                 Ice/Tmut       6%         N/A       75%         4


Dungeon Overview and Level Annotations

Branches:
Dungeon (5/15)             Temple (1/1) D:4

Altars:
Dithmenos
Gozag
Makhleb
Okawaru
Uskayaw
Yredelemnul
Zin
The Shining One

Annotations:
D:4 Grinder, Sigmund


Innate Abilities, Weirdness & Mutations

One of your tentacles has grown a beastly spike.
You cannot wear most types of armour.
You are amphibious.
You can wear up to eight rings at the same time.
Your skin changes colour to match your surroundings (Stealth+).
Your rubbery body absorbs attacks. (AC +1, EV +1)
((You are camouflaged when in or above water. (Stealth+)))
You have tentacles for arms and can constrict up to eight enemies at once.


Message History

You constrict the orc warrior. The orc warrior closely misses you.
You tentacle-slap the orc warrior.
The orc warrior is almost dead.
You constrict the orc warrior, but do no damage.
You tentacle-slap the orc warrior but do no damage.
You squeeze the orc warrior, but do no damage.
The orc warrior is almost dead.
You constrict the orc warrior.
The orc warrior hits you with a +0 scimitar!
You tentacle-slap the orc warrior but do no damage.
The orc warrior is almost dead.
You constrict the orc warrior.
You kill the orc warrior!
That felt strangely unrewarding.
Your primal bloodlust is almost over.
You start resting.
Your primal bloodlust has ended.
You start resting.
Magic restored.
You start resting.
Okawaru sends forces against you! 2 ogres come into view.
Casting: Beastly Appendage (safe; 6% risk of failure)
Confirm with . or Enter, or press ? or * to list all spells.
One of your tentacles grows a vicious spike.
You barely miss the ogre. You squeeze the ogre!
The ogre is moderately wounded.
You tentacle-slap the ogre.
Your tentacle-slap misses the ogre.
The ogre is moderately wounded.
The ogre closely misses you.
You completely miss the ogre.
You pierce the ogre, but do no damage.
You squeeze the ogre!
The ogre is severely wounded.
You tentacle-slap the ogre.
You pierce the ogre.
You squeeze the ogre.
You kill the ogre!
That felt strangely unrewarding.
You completely miss the ogre. You squeeze the ogre, but do no damage.
The ogre hits you with a +0 giant club!!
Ouch! That really hurt!
You die...
Your body crumbles into a pile of gold.

###.#.##.#####.### #
.................
.##.#.
###..###.#####.###
....#.####..###.#####.#
.........#............#
#.........###########
###.......).#
......##O#..#
........@#..#
.###..#.##..#
............#
....#.......#
....###.##### .. #.# .
#.# #.# #S#


You could see an ogre.

Vanquished Creatures
  An orc warrior (D:5)
  2 ogres (D:5)
  2 scorpions (D:5)
  A hound (D:4)
  A jelly (D:4)
  An orc wizard (D:5)
  8 adders
  A white imp (D:3)
  An ufetubus (D:4)
  A worm (D:2)
  2 dart slugs (D:2)
  4 orcs
  10 endoplasms
  3 giant cockroaches (D:2)
  3 hobgoblins
  3 quokkas
  7 ball pythons
  4 bats
  2 frilled lizards
  11 goblins
  4 kobolds
  5 rats
77 creatures vanquished.

Notes
Turn   | Place    | Note
-------+----------+-------------------------------------------
     0 | D:1      | valliere the Octopode Transmuter began the quest for the
                  | Orb.
     0 | D:1      | Reached XP level 1. HP: 13/13 MP: 3/3
   381 | D:1      | Reached XP level 2. HP: 15/18 MP: 3/5
   813 | D:1      | Reached skill level 1 in Stealth
  1420 | D:2      | Reached XP level 3. HP: 23/23 MP: 6/6
  1619 | D:2      | Reached XP level 4. HP: 22/29 MP: 7/7
  2313 | D:3      | HP: 2/43 [poisoned by an adder]
  2769 | D:3      | Reached skill level 4 in Unarmed Combat
  2914 | D:3      | Reached XP level 5. HP: 18/34 MP: 6/8
  3721 | D:4      | Found a staircase to the Ecumenical Temple.
  3728 | Temple   | Entered the Ecumenical Temple
  3735 | Temple   | Became a worshipper of Warmaster Okawaru
  3924 | D:4      | Found an opulent altar of Gozag.
  3932 | D:4      | Fell from the grace of Okawaru
  3932 | D:4      | Became a worshipper of Gozag Ym Sagoz the Greedy
  4206 | D:4      | Noticed Sigmund
  4206 | D:4      | Noticed Grinder
  4253 | D:3      | Noticed an ogre
  4253 | D:3      | Noticed an orc warrior
  4774 | Temple   | Noticed a two-headed ogre
  4807 | D:4      | Reached XP level 6. HP: 17/40 MP: 7/9
  4924 | D:5      | Entered Level 5 of the Dungeon
  5059 | D:5      | Noticed an orc warrior
  5096 | D:5      | Found a glowing silver altar of Zin.
  5241 | D:4      | Noticed an orc warrior
  5241 | D:4      | Noticed an orc warrior
  5280 | D:5      | Noticed a water moccasin
  5396 | D:5      | Learned a level 2 spell: Wereblood
  5418 | D:5      | Killed an orc warrior
  5471 | D:5      | Slain by an ogre

Illustrated notes

Levels and vault maps discovered:
D:1:      elethiomel_arrival_infinity_welcomes_careful_drivers, layout_rooms,
          chequers_decorated_corner, minmay_tripent
D:2:      layout_rooms, hex_tiny, kennysheep_generic_room_5
D:3:      layout_loops_corners
D:4:      layout_basic, mainiacjoe_overflow_tiny_flanked,
          mainiacjoe_overflow_surrounded_room, mainiacjoe_overflow_alcove_4,
          minmay_temple_entry_statues_pillars, serial_shops, shop, uniq_ijyb,
          uniq_menkaure, uniq_grinder, uniq_natasha, uniq_sigmund
D:5:      layout_loops_cross, amcnicky_altar_gilded
Temple:   hellmonk_temple_micro_hex

Skill      XL: |  1  2  3  4  5  6 |
---------------+-------------------+-----
Stealth        | 1 2 3 |  3.3
Unarmed Combat | 4 |  4.8
Fighting       | 2 |  2.6
Dodging        | 3 |  3.3
Transmutations | 3 |  3.1
Spellcasting   | |  2.0

Action                   |  1- 3 |  4- 6 || total
-------------------------+-------+-------++-------
Melee: Unarmed           |    61 |   131 ||   192
       Constrict         |    18 |    27 ||    45
       Tentacles         |    12 |    23 ||    35
       Kick              |    13 |    39 ||    52
       Punch             |     2 |     5 ||     7
 Cast: Beastly Appendage |    16 |    32 ||    48
       Wereblood         |       |     1 ||     1
  Use: Scroll            |       |     8 ||     8
       Potion            |       |     2 ||     2
 Stab: Sleeping          |     4 |     7 ||    11
Armor: Skin              |       |     7 ||     7
Dodge: Dodged            |    22 |    64 ||    86
Block: Other             |     5 |    19 ||    24
       Reflection        |     1 |       ||     1

Table legend: (Time is in decaauts)
 A = Elapsed time spent in this place.
 B = Non-inter-level travel time spent in this place.
 C = Inter-level travel time spent in this place.
 D = Time resting spent in this place.
 E = Time spent auto-exploring this place.
 F = Levels seen in this place.
 G = Mean time per level.
                   A        B        C        D        E       F      G
               +--------+--------+--------+--------+--------+-----+--------+
         Total |   5443 |   5299 |    144 |    990 |   3482 |   6 |  907.2 |
       Dungeon |   4979 |   4835 |    144 |    544 |   3482 |   5 |  995.8 |
        Temple |    463 |    463 |      0 |    446 |      0 |   1 |  463.0 |
               +--------+--------+--------+--------+--------+-----+--------+

Top non-repeatable levels by time:
     D:3: 1441 daAuts
     D:1: 1347 daAuts
     D:2: 930 daAuts
     D:4: 827 daAuts
  Temple: 463 daAuts
     D:5: 432 daAuts
